 Dungeon Crawl Stone Soup version 0.29.1-15-g9cfb28693d (webtiles) character file.

Game seed: 3524881898601107542

6 CatalinOSBI the Grave Robber (level 1, -2/14 HPs)
             Began as a Ghoul Necromancer on Mar 28, 2023.
             Slain by a goblin
             ... wielding a +0 club
              (4 damage)
             ... on level 1 of the Dungeon.
             The game lasted 00:12:15 (847 turns).

CatalinOSBI the Grave Robber (Ghoul Necromancer)     Turns: 847, Time: 00:12:15

Health: -2/14      AC:  2    Str: 10 (11) XL:     1   Next: 90%
Magic:  2/2        EV: 11    Int:  8 (10) God:
Gold:   34         SH:  0    Dex:  8 (9)  Spells: 2/3 levels left

rFire   . . .      SeeInvis .   g - +0 short sword
rCold   + . .      Faith    .   (no shield)
rNeg    + + +      Spirit   .   a - +0 robe {Mastery of all things}
rPois   ∞          Reflect  .   (no helmet)
rElec   .          Harm     .   (no cloak)
rCorr   .          Rampage  .   (no gloves)
Will    .....                   (no boots)
Stlth   ++........              (no amulet)
HPRegen 0.00/turn               (no ring)
MPRegen 0.08/turn               (no ring)

@: inhibited regen
A: claws 1, cold resistance 1, negative energy resistance 3, inhibited
regeneration, torment resistance 2, devour on kill
a: no special abilities


You were on level 1 of the Dungeon.
You visited 1 branch of the dungeon, and saw 1 of its levels.

You collected 34 gold pieces.

Inventory:

Hand Weapons
 d - a +0 spear
 e - a +0 club
 g - a +0 short sword (weapon)
Missiles
 c - 8 stones
Armour
 a - a +0 robe (worn) {Mastery of all things}
Potions
 f - a potion of degeneration


   Skills:
 + Level 1.7 Dodging
 + Level 2.1 Stealth
 + Level 1.7 Spellcasting
 + Level 4.3 Necromancy


You had 2 spell levels left.
You knew the following spells:

 Your Spells              Type           Power      Damage    Failure   Level
a - Necrotise             Necr           28%        1d5       6%          1

Your spell library contained the following spells:

 Spells                   Type           Power      Damage    Failure   Level
 Vampiric Draining        Necr           7%         2d6       19%         3
 Animate Dead             Necr           7%         N/A       52%         4
 Agony                    Necr           7%         N/A       86%         5


Dungeon Overview and Level Annotations

Branches:
Dungeon (1/15)

Altars:


Innate Abilities, Weirdness & Mutations

You are immune to poison.
You have sharp fingernails.
Your flesh is cold resistant. (rC+)
You are immune to negative energy. (rN+++)
You do not regenerate when monsters are visible.
You are immune to unholy pain and torment.
You thrive by killing the living.


Message History

Okay, then.
A goblin comes into view. It is wielding a +0 club.
The endoplasm quivers.
The goblin shouts!
You enter the shallow water.
Moving in this stuff is going to be slow.
You enter the shallow water.
Moving in this stuff is going to be slow.
You enter the shallow water.
Moving in this stuff is going to be slow.
You closely miss the goblin. The goblin hits you with a +0 club.
You hit the goblin.
The goblin is moderately wounded.
The endoplasm barely misses you. The goblin barely misses you.
You barely miss the goblin.
The goblin is moderately wounded.
The endoplasm jiggles.
The endoplasm hits you. The goblin hits you with a +0 club.
The goblin attacks as you move away! The goblin misses you.
The goblin attacks as you move away! The goblin hits you with a +0 club.
* * * LOW HITPOINT WARNING * * *
Aiming: Necrotise (safe; 5% risk of failure)
Press: ? - help, Q - select action, (/) - cycle Shift-Dir - straight line, f - endoplasm
Aim: an endoplasm (chance to affect: 76%)
The endoplasm writhes in agony.
The endoplasm barely misses you. The goblin misses you.
It was a potion of degeneration.
There was something very wrong with that liquid.
You feel weakened.
You feel dopey.
You feel clumsy. The endoplasm completely misses you.
The goblin completely misses you. Magic courses through your body.
The endoplasm freezes you.
You are frozen.
You resist.
* * * LOW HITPOINT WARNING * * *
The goblin misses you.
You hit the endoplasm.
The endoplasm is moderately wounded.
The endoplasm freezes you.
You are frozen.
You resist. The goblin hits you with a +0 club.
You die...

... .. ... ..# #.# ##.. ### #.#
#.# #.# #.. #.# ##.###.### >###
#.###........ ....#
#.##.....#.### ....
#.####............# #.. ##
##.....##..g..#.#.##### #..
#...#.####.....J@.......÷.# ##.
#....~...~.##.#####.###.#######
.......~~.~.~.#.# #..#
#........ .~.~..~~~...~~.##
##.# #########
≈≈~~≈≈~≈~~≈~≈≈≈≈≈≈ ..#
≈≈≈~.≈~~≈~~≈≈≈≈≈≈# #.##
...~..~~...~...### #.
###~.~...~~.~#... ..
############### ##


You could see an endoplasm and a goblin.

Vanquished Creatures
  2 goblins (D:1)
  A kobold (D:1)
  2 frilled lizards (D:1)
5 creatures vanquished.

Vanquished Creatures (collateral kills)
  A bat (D:1)
1 creature vanquished.

Grand Total: 6 creatures vanquished

Notes
Turn   | Place    | Note
-------+----------+-------------------------------------------
     0 | D:1      | CatalinOSBI the Ghoul Necromancer began the quest for the
                  | Orb.
     0 | D:1      | Reached XP level 1. HP: 14/14 MP: 2/2
   847 | D:1      | Slain by a goblin

Illustrated notes

Levels and vault maps discovered:
D:1:      heliophobic_arrival_ceremonial_halls, layout_loops_ring,
          serial_rivers, chequers_serial_rivers_micro_e,
          chequers_serial_rivers_micro_c, chequers_serial_rivers_marsh,
          chequers_serial_rivers_micro_c, chequers_serial_rivers_small_3,
          chequers_serial_rivers_micro_b

Action                   || total
-------------------------++-------
Melee: Spear             ||    14
       Short sword       ||     4
       Punch             ||     1
 Cast: Necrotise         ||     7
  Use: Potion            ||     2
       Scroll            ||     1
Armor: Robe              ||     5
Dodge: Dodged            ||    19
